Map: Stasis LE

Players

vsugrob

  • Race: Zerg Zerg
  • League: Diamond
  • Spawn Location: 11:00

James - Winner!

  • Race: Terran Terran
  • League: Diamond
  • Spawn Location: 1:00

VOD

Have the link to the VOD?

Description

Time

  • Played on: Jan. 4, 2019, 7:08 p.m.
  • Length: 16:33
Show
View Real Time Build Order
Export as new Build Order

vsugrob Zerg 

Build Orders: Hatch First 

Get SALT Encoding   

  12  0:01  Drone  
  13  0:13  Overlord  
  13  0:19  Drone  
  14  0:31  Drone x2  
  14  0:35  Drone  
  17  0:46  Drone  
  18  0:57  Hatchery  
  18  1:00  Extractor  
  18  1:01  Drone  
  17  1:17  Spawning Pool  
  16  1:18  Drone  
  16  1:22  Drone  
  18  1:28  Drone  
  19  1:39  Overlord  
  19  1:52  Drone  
  20  2:07  Queen  
  22  2:10  Zergling x4  
  22  2:11  Roach Warren  
  23  2:16  Queen  
  25  2:23  Overlord  
  25  2:33  Extractor  
  22  2:51  Zergling x2  
  22  2:52  Zergling x2  
  24  3:00  Roach x2  
  24  3:01  Roach x2  
  24  3:04  Roach x2  
  36  3:15  Drone x2  
  38  3:27  Drone x2  
  38  3:30  Overlord  
  38  3:32  Drone x3  
  43  3:44  Overlord  
  43  3:48  Drone x3  
  46  3:50  Drone  
  47  4:01  Drone x3  
  50  4:17  Drone x3  
  50  4:18  Drone  
  54  4:29  Ravager  
  55  4:32  Drone x5  
  60  4:48  Hatchery  
  59  4:53  Queen  
  55  5:00  Ravager x2  
  51  5:18  Drone  
  51  5:19  Roach x3  
  51  5:20  Roach x2  
  59  5:22  Overlord x3  
  59  5:23  Lair  
  59  5:51  Drone  
  59  5:52  Drone x2  
  59  5:53  Evolution Chamber x2  
  59  5:54  Roach x5  
  70  6:11  Queen, Extractor  
  71  6:26  Queen  
  71  6:30  Drone x3  
  71  6:31  Zerg Missile Weapons Level 1  
  76  6:35  Zerg Ground Armor Level 1  
  76  6:45  Overseer  
  76  6:49  Extractor  
  76  6:53  Drone  
  76  6:54  Drone x14  
  90  7:05  Overlord x2  
  90  7:27  Infestation Pit  
  89  7:47  Hydralisk Den  
  88  7:52  Spire  
  88  7:55  Roach x6  
  99  8:02  Extractor  
  99  8:03  Zergling x16  
  99  8:04  Extractor  
  99  8:05  Overlord x4  
  105  8:06  Overlord  
  105  8:16  Overlord x4  
  105  8:29  Drone x2  
  105  8:30  Drone  
  106  8:49  Roach x4  
  106  8:50  Roach x8  
  104  9:28  Zergling x12  
  104  9:29  Zergling x8  
  111  9:35  Glial Reconstitution  
  111  9:39  Muscular Augments  
  111  9:41  Hive  
  111  9:42  Queen  
  113  9:48  Drone  
  113  9:49  Drone x5  
  119  9:58  Hatchery  
  119  9:59  Metabolic Boost  
  118  10:09  Drone x9  
  118  10:10  Drone  
  128  10:39  Hatchery  
  127  10:51  Mutalisk  
  127  10:56  Overlord x5  
  129  10:58  Grooved Spines, Zerg Missile Weapons Level 2, Zerg Ground Armor Level 2  
  129  11:01  Greater Spire  
  129  11:11  Drone x7  
  132  11:14  Overlord x4  
  132  11:17  Mutalisk  
  132  11:18  Mutalisk x5  
  145  11:27  Extractor  
  145  11:29  Extractor  
  143  11:37  Queen  
  145  11:42  Drone  
  145  11:43  Drone x2  
  145  11:44  Drone  
  145  11:45  Drone x2  
  151  11:48  Drone  
  151  11:49  Drone x3, Extractor  
  151  11:50  Extractor  
  151  11:51  Drone x3  
  151  11:52  Drone x3  
  159  12:01  Queen  
  161  12:25  Corruptor x4  
  161  12:26  Corruptor x2  
  173  12:38  Overseer  
  173  12:45  Viper x6  
  173  12:47  Evolution Chamber  
  173  12:48  Evolution Chamber  
  173  12:49  Corruptor x2  
  165  13:19  Brood Lord x5  
  137  13:49  Roach x9  
  137  13:50  Roach x15  
  126  14:21  Roach x7  
  122  14:36  Corruptor x4  
  115  14:48  Roach x2  
  117  15:09  Hatchery  
  116  15:14  Brood Lord x3  
  122  15:40  Hatchery  
  121  15:51  Hatchery x2  
Show
View Real Time Build Order
Export as new Build Order

James Terran - Winner!

Build Orders: Hellion Opening, Reaper Expand 

Get SALT Encoding   

  12  0:00  SCV  
  13  0:13  SCV  
  14  0:19  Supply Depot  
  14  0:25  SCV  
  15  0:41  SCV  
  15  0:42  Barracks  
  16  0:46  Refinery  
  16  0:53  SCV  
  17  1:05  SCV  
  18  1:17  SCV  
  19  1:29  Reaper  
  19  1:30  Orbital Command  
  20  1:44  Command Center  
  20  1:55  SCV  
  21  2:03  Supply Depot  
  21  2:16  Barracks Reactor  
  21  2:22  SCV  
  22  2:23  Factory  
  22  2:34  SCV  
  23  2:46  SCV  
  24  2:57  Orbital Command  
  24  2:59  SCV  
  24  3:04  Refinery  
  25  3:11  SCV  
  26  3:15  Factory  
  26  3:16  Hellion x2  
  26  3:17  Orbital Command  
  26  3:19  Barracks Reactor  
  30  3:23  SCV  
  31  3:37  Hellion x2  
  31  3:41  SCV  
  35  3:49  SCV  
  35  3:53  SCV  
  37  3:59  Hellion x2  
  39  4:16  Hellion x2  
  39  4:28  Widow Mine  
  39  4:29  Widow Mine  
  42  4:46  Widow Mine x2  
  40  5:24  Factory Tech Lab  
  40  5:38  Supply Depot  
  40  5:39  Supply Depot  
  40  5:44  Supply Depot  
  40  5:49  Armory  
  40  5:54  Mag-Field Accelerator, Barracks Tech Lab, Factory  
  40  5:57  Factory  
  40  6:00  Hellion, Cyclone, Widow Mine, SCV x2  
  40  6:03  Supply Depot  
  49  6:12  Command Center, SCV x2  
  51  6:24  SCV x2  
  53  6:30  Hellion  
  53  6:31  Hellion  
  59  6:32  Cyclone  
  59  6:36  SCV x2  
  61  6:46  Engineering Bay  
  61  6:47  Supply Depot  
  61  6:48  SCV x2  
  61  6:49  Terran Vehicle And Ship Armor Level 1  
  63  7:00  SCV x2  
  63  7:01  Refinery  
  65  7:02  Cyclone, Refinery  
  65  7:03  Hellion  
  70  7:19  Missile Turret  
  70  7:23  Missile Turret  
  70  7:24  Cyclone  
  70  7:25  Hellion x2  
  77  7:34  Hellion x2  
  77  7:35  SCV x2  
  83  7:40  Hi-Sec Auto Tracking  
  83  7:55  Supply Depot  
  83  7:58  Cyclone x2  
  89  8:02  Planetary Fortress  
  89  8:16  Hellion x2  
  89  8:17  Hellion x2  
  89  8:18  Supply Depot, SCV  
  98  8:24  SCV  
  99  8:32  SCV  
  100  8:38  Cyclone  
  100  8:40  Hellion, Cyclone, Supply Depot  
  106  8:56  Supply Depot  
  106  9:05  Hellion x3  
  108  9:10  Cyclone  
  108  9:12  Cyclone  
  96  9:19  Supply Depot  
  96  9:23  Hellion  
  87  9:26  Hellion  
  85  9:34  SCV x3  
  88  9:40  Missile Turret  
  88  9:42  Cyclone  
  88  9:44  Cyclone, Missile Turret  
  94  9:46  SCV x2  
  94  9:49  Hellion x2  
  94  9:52  Terran Vehicle And Ship Armor Level 2  
  100  9:58  SCV x2  
  102  10:04  SCV  
  103  10:10  SCV x2  
  105  10:14  Cyclone  
  105  10:16  Cyclone, SCV  
  112  10:26  Hellion x2  
  112  10:27  Hellion x2  
  120  10:33  Factory  
  120  10:35  Factory  
  120  10:36  SCV x3  
  123  10:46  Cyclone  
  123  10:48  Cyclone  
  125  10:53  Hellion x2  
  125  10:54  Hellion x2  
  125  10:55  SCV  
  125  10:56  SCV  
  133  11:03  Supply Depot  
  133  11:05  Supply Depot  
  133  11:25  Cyclone x2, SCV  
  140  11:36  Factory Tech Lab x2  
  140  11:43  Starport  
  140  11:44  Refinery  
  140  11:45  Starport, Refinery  
  140  11:47  SCV x2  
  140  11:48  SCV  
  140  11:53  Command Center  
  143  12:07  Sensor Tower  
  143  12:08  Cyclone x2  
  149  12:13  Supply Depot  
  149  12:15  Refinery  
  149  12:16  Armory  
  149  12:19  Refinery  
  149  12:20  Infernal Pre-Igniter  
  149  12:22  Starport Tech Lab, Starport Reactor  
  149  12:24  Smart Servos  
  149  12:35  Hellion x2, Cyclone  
  156  12:37  Supply Depot  
  156  12:43  Terran Vehicle And Ship Armor Level 3  
  156  12:47  Drilling Claws  
  156  12:54  Fusion Core  
  157  12:58  Hellion  
  157  12:59  Hellion, Cyclone  
  148  13:17  Cyclone x2  
  148  13:18  Hellion x2, Cyclone  
  163  13:20  Hellion x2  
  165  13:31  Cyclone  
  168  13:39  Hellion  
  168  13:40  Hellion  
  169  13:49  Cyclone  
  164  14:01  Liberator x2  
  161  14:06  Cyclone x3  
  161  14:07  Hellion x3  
  161  14:08  Planetary Fortress  
  175  14:10  SCV x3  
  175  14:16  Advanced Ballistics  
  156  14:22  Cyclone  
  103  14:53  Cyclone x3  
  103  14:54  Hellion x3, Cyclone  
  121  15:04  Liberator  
  121  15:05  Liberator x2  
  121  15:14  SCV x3  
  121  15:15  SCV  
  121  15:18  Supply Depot  
  121  15:20  Hellion, Supply Depot  
  121  15:21  Hellion x3  
  133  15:26  SCV x3  
  145  15:29  Missile Turret  
  145  15:30  Refinery, SCV  
  146  15:38  SCV x2  
  146  15:39  SCV  
  146  15:40  Cyclone x3  
  146  15:42  SCV  
  159  15:54  SCV x2  
  161  15:59  Starport  
  161  16:01  Starport  
  161  16:02  Starport  
  161  16:03  Hellion x3  
  170  16:18  Sensor Tower  
Tags
 
Add a new tag
Caveats
  • Supply blocks, unpowered buildings, or Contaminate may cause inaccurate times.
  • Supply counts are checked every 10 seconds.